 Dungeon Crawl Stone Soup version 0.20.0-15-g7f486f2 (webtiles) character file.

252 Freeplumber the Grave Robber (level 6, -3/45 (46) HPs)
             Began as a Ghoul Necromancer on June 9, 2017.
             Was an Initiate of Dithmenos.
             Slain by a gnoll
             ... wielding a +0 flail
              (8 damage)
             ... on level 4 of the Dungeon.
             The game lasted 00:16:41 (1658 turns).

Freeplumber the Grave Robber (Ghoul Necromancer)    Turns: 1658, Time: 00:16:41

HP:   -3/45 (46)    AC:  2    Str: 11 (12) XL:     6   Next: 14%
MP:   1/9           EV: 12    Int:  7 (10) God:    Dithmenos [......]
Gold: 85            SH:  0    Dex:  9 (11) Spells: 3/11 levels left

rFire    . . .     SeeInvis .   k - +3 short sword (venom)
rCold    + . .     Gourm    .   (no shield)
rNeg     + + +     Faith    +   d - +0 robe
rPois    ∞         Spirit   .   (no helmet)
rElec    .         Reflect  .   (no cloak)
rCorr    .         Harm     .   (no gloves)
MR       .....                  (no boots)
Stlth    +.........             p - amulet of faith
Regen    0.0/turn               (no ring)
MPRegen  0.2/turn               (no ring)

@: flying, rotting, glowing
A: rotting body, claws 1, carnivore 3, cold resistance 1, negative energy
resistance 3, inhibited regeneration, torment resistance, unbreathing
a: Renounce Religion


You were on level 4 of the Dungeon.
You worshipped Dithmenos.
Dithmenos was noncommittal.
You were not hungry.

You visited 1 branch of the dungeon, and saw 3 of its levels.

You collected 85 gold pieces.

Inventory:

Hand Weapons
 h - a +0 dagger of speed
 k - a +3 short sword of venom (weapon)
 r - the +4 mace of Royalism {speed, +Inv Str+4 Dex-3, unknown}
   (You found it on level 4 of the Dungeon)

   Attacks with this weapon are significantly faster.
   It affects your strength (+4).
   It affects your dexterity (-3).
   It lets you turn invisible.
Missiles
 g - 13 poisoned needles
Armour
 a - a +0 robe
 d - a +0 robe (worn)
Magical Staves
 e - an uncursed staff of fire {unknown}
Jewellery
 p - an amulet of faith (around neck)
 s - a cursed ring of loudness {unknown}
Scrolls
 j - 2 scrolls of magic mapping
Potions
 i - a potion of might {unknown}
 l - a potion of curing {unknown}
 m - a potion of degeneration
 n - a potion of flight
 o - a potion of ambrosia {unknown}
 q - a potion of haste {unknown}
Books
 b - a book of Necromancy

   Spells                             Type                      Level
   a - Pain                           Necromancy                   1
   b - Animate Skeleton               Necromancy                   1
   c - Vampiric Draining              Necromancy                   3
   d - Regeneration                   Charms/Necromancy            3
   e - Animate Dead                   Necromancy                   4
   f - Control Undead                 Necromancy                   4
Comestibles
 c - 3 meat rations


   Skills:
 + Level 0.9 Fighting
 + Level 1.6 Short Blades
 + Level 2.4 Dodging
 + Level 3.1 Stealth
 + Level 0.2 Unarmed Combat
 + Level 3.1 Spellcasting
 + Level 5.2 Necromancy


You had 3 spell levels left.
You knew the following spells:

 Your Spells              Type           Power        Failure   Level  Hunger
a - Pain                  Necr           #...         4%          1    ##.....
b - Animate Skeleton      Necr           N/A          4%          1    ##.....
c - Vampiric Draining     Necr           #.........   12%         3    ####...
d - Regeneration          Chrm/Necr      #.........   34%         3    ####...


Dungeon Overview and Level Annotations

Branches:
Dungeon (2/15)             Temple (0/1) D:4

Altars:
Dithmenos
Zin


Innate Abilities, Weirdness & Mutations

Your body is rotting away.
You thrive on raw meat.
You are immune to poison.
You have sharp fingernails.
You are carnivorous and can eat meat at any time.
Your flesh is cold resistant. (rC+)
You are immune to negative energy. (rN+++)
You do not regenerate when monsters are visible.
You are immune to unholy pain and torment.
You can survive without breathing.


Message History

You feel your flesh rotting away. The gnoll hits you.
The gnoll hits you with a flail!
You closely miss the gnoll. The gnoll hits you.
* * * LOW HITPOINT WARNING * * *
The gnoll closely misses you. The gnoll barely misses you.
You completely miss the gnoll. The gnoll hits you with a flail.
* * * LOW HITPOINT WARNING * * *
The gnoll hits you but does no damage.
It was a potion of flight.
You feel very buoyant.
You fly up into the air.
The gnoll completely misses you. The gnoll hits you.
* * * LOW HITPOINT WARNING * * *
The gnoll hits you.
* * * LOW HITPOINT WARNING * * *
The gnoll misses you.
You hit the gnoll.
You kill the gnoll!
Dithmenos accepts your kill. The gnoll hits you with a flail!
You die...

############ #...†@g)...#
###### ##########.########.#
#....# #........#.########.###
#....#
#.######.#>...........####....#
#.* ##.#.#.#.#.#.#.#.#.....#
#.######.#.#.#.#.#.#.#.#.#.#.#.
#.......#.#.#.#.#.#.#.#Z#.#.#.#
##.#####.#.#.#.#.#.#.#.#g#.#.#.
#.#........#.#.#.#.#.#.#.#.#.#


You could see a gnoll.

Vanquished Creatures
  A howler monkey (D:4)
  A hound (D:4)
  A gnoll shaman (D:4)
  2 worker ants (D:4)
  3 gnolls (D:4)
  4 adders
  An ooze (D:1)
  An adder skeleton (D:4)
  2 leopard geckos
  An orc (D:4)
  A goblin (D:1)
  A hobgoblin (D:1)
  7 jackals
  4 kobolds
  3 bats
  2 frilled lizards
  3 rats
38 creatures vanquished.

Vanquished Creatures (collateral kills)
  A giant cockroach (D:2)
  2 hobgoblins
  2 jackals (D:2)
  A kobold (D:1)
  A quokka (D:1)
7 creatures vanquished.

Grand Total: 45 creatures vanquished

Notes
Turn   | Place    | Note
-------+----------+-------------------------------------------
     0 | D:1      | Freeplumber the Ghoul Necromancer began the quest for the Orb.
     0 | D:1      | Reached XP level 1. HP: 14/14 MP: 2/2
   160 | D:1      | Learned a level 1 spell: Animate Skeleton
   197 | D:1      | Reached XP level 2. HP: 8/20 MP: 0/3
   523 | D:1      | You fall through a shaft!
   604 | D:2      | Reached XP level 3. HP: 15/26 MP: 1/5
   745 | D:2      | Found a glowing silver altar of Zin.
   986 | D:2      | Found a shadowy altar of Dithmenos.
   993 | D:2      | Became a worshipper of Dithmenos the Shadowed
  1155 | D:2      | Learned a level 3 spell: Vampiric Draining
  1214 | D:2      | You fall through a shaft for 2 floors!
  1221 | D:4      | Reached XP level 4. HP: 15/33 MP: 0/6
  1272 | D:4      | Found a staircase to the Ecumenical Temple.
  1308 | D:4      | Learned a level 3 spell: Regeneration
  1353 | D:4      | Reached skill level 1 in Short Blades
  1362 | D:4      | Reached XP level 5. HP: 24/37 MP: 0/8
  1468 | D:4      | Reached skill level 5 in Necromancy
  1576 | D:4      | Got a scorched mace
  1648 | D:4      | Reached XP level 6. HP: 17/45 MP: 4/9
  1658 | D:4      | Slain by a gnoll

Skill      XL: |  1  2  3  4  5 |
---------------+----------------+-----
Dodging        | 2 |  2.4
Spellcasting   | 2 3 |  3.1
Short Blades   | 1 |  1.6
Stealth        | 3 |  3.1
Necromancy     | 5 |  5.2
Fighting       | |  0.9
Unarmed Combat | |  0.2

Action                   |  1- 3 |  4- 6 || total
-------------------------+-------+-------++-------
Melee: Unarmed           |    16 |       ||    16
       Dagger            |    32 |       ||    32
       Short sword       |    37 |    33 ||    70
 Cast: Pain              |    15 |    13 ||    28
       Animate Skeleton  |    11 |     4 ||    15
       Vampiric Draining |     1 |     2 ||     3
       Regeneration      |       |     2 ||     2
  Use: Scroll            |     1 |     5 ||     6
       Potion            |       |     3 ||     3
 Stab: Sleeping          |     4 |       ||     4
  Eat: Chunk             |    15 |     9 ||    24
       Meat ration       |       |     1 ||     1
Armor: Robe              |    21 |     8 ||    29
Dodge: Dodged            |    82 |    25 ||   107
